AoeStats
← Sahnehäubchen

Arabia

509950419Analyzed
2v2 RM · 5d ago on Sep 28, 2026· 57m 39s· 4 players
Game mode
Random Map
Map size
Medium (4 player)
Population
200
Speed
Normal
Resources
Standard
Victory
Conquest
Starting age
Dark Age
Ending age
Imperial Age
RankedLock teamsTeams togetherTeam positionsShared explorationLock speedFull tech treeHidden civsTurbo modeCheats
Victory
Defeat
🇦🇹 Vietnamese · Austria
1010
+13
🇺🇸 Mongols · United States
744
+25
🇦🇹 Vietnamese · Austria
935
-19
🇦🇹 Burgundians · Austria
935
-19
N7pp3lTw7st
6:04 Loom
9:18 Feudal Age
16:53 Double-Bit Axe
25:27 Castle Age
25:30 Cavalier
26:11 Gold Mining
28:07 Forging
28:03 Scale Barding Armor
29:48 Husbandry
32:04 Iron Casting
31:50 Chain Barding Armor
41:59 Imperial Age
40:11 Stone Mining
41:00 Gold Shaft Mining
42:47 Paladin
47:18 Blast Furnace
46:54 Plate Barding Armor
OriginalNOOB733
6:41 Loom
9:55 Feudal Age
11:04 Double-Bit Axe
14:02 Fletching
16:49 Padded Archer Armor
26:10 Castle Age
25:11 Gold Mining
26:22 Crossbowman
26:23 Elite Skirmisher
27:00 Bodkin Arrow
27:21 Leather Archer Armor
29:35 Bow Saw
31:17 Thumb Ring
41:37 Wheelbarrow
45:18 Imperial Age
Sahnehäubchen
6:28 Loom
9:39 Feudal Age
10:20 Double-Bit Axe
14:54 Fletching
21:22 Castle Age
22:21 Bow Saw
21:34 Crossbowman
22:33 Bodkin Arrow
24:30 Horse Collar
26:02 Wheelbarrow
26:15 Padded Archer Armor
28:16 Leather Archer Armor
28:46 Ballistics
28:41 Thumb Ring
29:02 Heavy Plow
28:52 Town Watch
29:34 Gold Mining
30:34 Hand Cart
35:55 Imperial Age
33:33 Scale Mail Armor
33:43 Forging
33:37 Squires
34:56 Chain Mail Armor
34:55 Stone Mining
35:07 Murder Holes
35:33 Elite Skirmisher
37:06 Paper Money
37:57 Ring Archer Armor
40:11 Two-Man Saw
40:41 Crop Rotation
41:30 Chemistry
41:22 Elite Fire Lancer
42:38 Siege Engineers
43:11 Bracer
43:47 Iron Casting
44:10 Elite Rattan Archer
46:28 Plate Mail Armor
48:39 Town Patrol
48:33 Arson
grille
10:30 Feudal Age
8:59 Loom
13:54 Bloodlines
21:32 Castle Age
21:13 Scale Barding Armor
21:19 Forging
22:21 Husbandry
30:25 Iron Casting
32:05 Chain Barding Armor
33:49 Pikeman
34:44 Scale Mail Armor
35:29 Squires
47:20 Imperial Age
48:45 Chain Mail Armor
49:31 Blast Furnace
53:41 Elite Steppe Lancer
Connection lost

Rejoining the realm…

Still unreachable

The connection could not be restored.

Session expired

The server has moved on; the page needs a fresh start.